 Dungeon Crawl Stone Soup version 0.31-a0-1589-g8f5e8aebd6 (webtiles) character file.

Game seed: 10460528638012122651

55 voltaire321 the Firebug (level 3, 0/26 HPs)
             Began as a Demonspawn Fire Elementalist on Jan 6, 2024.
             Constricted to death by a ball python (1 damage)
             ... on level 2 of the Dungeon.
             The game lasted 00:02:59 (997 turns).

voltaire321 the Firebug (DsFE)                       Turns: 997, Time: 00:03:00

Health: 0/26       AC:  2    Str: 10    XL:     3   Next: 67%
Magic:  6/6        EV:  9    Int: 15    God:
Gold:   15         SH:  0    Dex: 13    Spells: 5/6 levels left

rFire   . . .        f - +0 short sword
rCold   . . .        (no shield)
rNeg    . . .        a - +0 robe
rPois   .            (no helmet)
rElec   .            (no cloak)
rCorr   .            (no gloves)
SInv    .            (no boots)
Will    .....        (no amulet)
Stlth   ++           (no ring)
HPRegen 0.24/turn    (no ring)
MPRegen 0.10/turn

%: no passive effects
@: constricted
A: claws 1, foul stench 1
a: no special abilities


You were on level 2 of the Dungeon.
You visited 1 branch of the dungeon, and saw 2 of its levels.

You collected 15 gold pieces.

Inventory:

Hand Weapons
 f - a +0 short sword (weapon)
Armour
 a - a +0 robe (worn)
Scrolls
 c - 5 scrolls of identify {unknown}
 d - a scroll of summoning {unknown}
 g - a scroll of teleportation {unknown}
Potions
 b - a potion of magic
 e - 2 potions of haste {unknown}


   Skills:
 + Level 1.1 Fighting
 + Level 1.0 Armour
 + Level 2.1 Dodging
 - Level 1.7 Stealth
 + Level 2.4 Spellcasting
 + Level 1.6 Conjurations
 + Level 3.0 Fire Magic


You had 5 spell levels left.
You knew the following spells:

 Your Spells              Type           Power      Damage    Failure   Level
a - Foxfire               Conj/Fire      32%        2x1d5     9%          1

Your spell library contained the following spells:

 Spells                   Type           Power      Damage    Failure   Level
 Scorch                   Fire           20%        2d5       10%         2
 Call Imp                 Summ           2%         N/A       32%         2
 Sublimation of Blood     Necr           1%         N/A       32%         2
 Inner Flame              Hex/Fire       6%         N/A       34%         3
 Volatile Blastmotes      Fire/Tloc      12%        2d11      34%         3
 Flame Wave               Conj/Fire      8%         2d5       63%         4
 Summon Hydra             Summ           0%         N/A       100%        7


Dungeon Overview and Level Annotations

Branches:
Dungeon (2/15)

Altars:


Innate Abilities, Weirdness & Mutations

You have sharp fingernails.
You may rarely emit foul miasma when damaged in melee.


Message History

You feel sick. The adder bites you. x2
You closely miss the adder.
The adder is moderately wounded.
You feel sick. The adder bites you.
You hit the adder.
The adder is severely wounded.
You feel sick. The adder completely misses you.
You barely miss the adder.
The adder is severely wounded.
You feel sick. The adder bites you.
You barely miss the adder.
The adder is severely wounded.
You feel sick.
You are no longer poisoned.
The adder bites you.
* * * LOW HITPOINT WARNING * * *
The adder completely misses you.
You closely miss the adder.
The adder is severely wounded.
The adder completely misses you.
You hit the adder.
The adder is almost dead.
The adder closely misses you.
You closely miss the adder.
The adder is almost dead.
The adder misses you. The adder bites you but does no damage.
You barely miss the adder.
The adder is almost dead.
The adder bites you.
* * * LOW HITPOINT WARNING * * *
You hit the adder.
You kill the adder!
The ball python bites you.
* * * LOW HITPOINT WARNING * * *
The ball python closely misses you.
Your Armour skill increases to level 1!
Your Fire Magic skill increases to level 3!
You barely miss the ball python. The ball python closely misses you.
The ball python grabs you. The ball python constricts you.
You die...

#.# #.##
#.###..####
#.#....<..#
#######.#.##.##.#
#.........##.# #
#.#####.####.#
#.# #†# ..# #.#
#.# .≈≈ #@# #.#
#.≈. ##S## #.#
##≈≈ ##...#
#.####.
#....###.......
#............#
#.##.........##
#< #...........
#. #.........##
#.#............


You could see a ball python.

Vanquished Creatures
  An adder (D:2)
  2 dart slugs (D:1)
  6 ball pythons (D:1)
  5 endoplasms
  3 goblins (D:1)
  2 hobgoblins (D:1)
  6 jackals
  3 kobolds (D:1)
  A quokka (D:1)
  4 bats (D:1)
  3 frilled lizards (D:1)
  A rat (D:1)
37 creatures vanquished.

Vanquished Creatures (others)
  49 foxfires
49 creatures vanquished.

Grand Total: 86 creatures vanquished

Notes
Turn   | Place    | Note
-------+----------+-------------------------------------------
     0 | D:1      | voltaire321 the Demonspawn Fire Elementalist began the
                  | quest for the Orb.
     0 | D:1      | Reached XP level 1. HP: 13/13 MP: 3/3
   154 | D:1      | Gained mutation: You have sharp fingernails. [demonic
                  | ancestry]
   154 | D:1      | Reached XP level 2. HP: 9/20 MP: 3/5
   502 | D:1      | Gained mutation: You may rarely emit foul miasma when
                  | damaged in melee. [demonic ancestry]
   502 | D:1      | Reached XP level 3. HP: 25/25 MP: 6/6
   587 | D:1      | Reached skill level 1 in Fighting
   996 | D:2      | HP: 1/26 [ball python (1)]
   997 | D:2      | Reached skill level 1 in Armour
   997 | D:2      | Reached skill level 3 in Fire Magic
   997 | D:2      | Constricted to death by a ball python

Illustrated notes

Levels and vault maps discovered:
D:1:      lightli_arrival_maybe_door_vault, layout_basic, minmay_small_reverse_x
D:2:      layout_loops_ring, serial_rivers, chequers_serial_rivers_room_b,
          chequers_serial_rivers_room_a, chequers_serial_rivers_marsh,
          chequers_serial_rivers_micro_d, chequers_serial_rivers_room_b,
          st_stairs_1, uniq_crazy_yiuf_cottage

Skill      XL: |  1  2  3 |
---------------+----------+-----
Dodging        | 2 |  2.1
Fighting       | 1 |  1.1
Armour         | 1 |  1.0
Fire Magic     | 3 |  3.0
Stealth        | |  1.7
Spellcasting   | |  2.4
Conjurations   | |  1.6

Action                     || total
---------------------------++-------
  Melee: Short sword       ||    73
         Dagger            ||     6
   Cast: Foxfire           ||    26
   Stab: Sleeping          ||     5
 Armour: Robe              ||    49
  Dodge: Dodged            ||    52

Table legend: (Time is in decaauts)
 A = Elapsed time spent in this place.
 B = Non-inter-level travel time spent in this place.
 C = Inter-level travel time spent in this place.
 D = Time resting spent in this place.
 E = Time spent auto-exploring this place.
 F = Levels seen in this place.
 G = Mean time per level.
                   A        B        C        D        E       F      G
               +--------+--------+--------+--------+--------+-----+--------+
         Total |    995 |    988 |      7 |     44 |    624 |   2 |  497.5 |
       Dungeon |    995 |    988 |      7 |     44 |    624 |   2 |  497.5 |
               +--------+--------+--------+--------+--------+-----+--------+

Top non-repeatable levels by time:
     D:1: 944 daAuts
     D:2: 51 daAuts
